 Dungeon Crawl Stone Soup version 0.24.0-13-gcf9b3192b9 (webtiles) character file.

Game seed: 4731931436131074639, levelgen mode: deterministic

571 Mrkan the Spear-Bearer (level 7, -5/49 HPs)
             Began as a Merfolk Gladiator on Nov 8, 2019.
             Was a Follower of Hepliaklqana.
             Slain by an ogre
             ... wielding a +0 giant spiked club
              (14 damage)
             ... on level 4 of the Dungeon.
             The game lasted 00:06:36 (3864 turns).

Mrkan the Spear-Bearer (Merfolk Gladiator)          Turns: 3864, Time: 00:06:37

Health: -5/49      AC:  9    Str: 14    XL:     7   Next: 34%
Magic:  5/7        EV:  9    Int:  7    God:    Hepliaklqana [*.....]
Gold:   143        SH:  0    Dex: 18    Spells: 6/6 levels left

rFire    . . .     SeeInvis .   p - +0 glaive
rCold    . . .     Gourm    .   (shield currently unavailable)
rNeg     . . .     Faith    .   k - +0 chain mail
rPois    .         Spirit   .   c - +0 helmet
rElec    .         Reflect  .   (no cloak)
rCorr    .         Harm     .   (no gloves)
MR       .....                  (no boots)
Stlth    ..........             (no amulet)
HPRegen  0.16/turn              (no ring)
MPRegen  0.10/turn              (no ring)

@: no status effects
A: change form in water, swift swim, stealthy swim, reduced essence
a: Recall Ancestor, Ancestor Identity, Renounce Religion


You were on level 4 of the Dungeon.
You worshipped Hepliaklqana.
Hepliaklqana was aware of your devotion.
You were hungry.

You visited 1 branch of the dungeon, and saw 4 of its levels.

You collected 143 gold pieces.

Inventory:

Hand Weapons
 a - a +0 trident
 p - a +0 glaive (weapon)
Missiles
 d - 3 throwing nets (quivered)
Armour
 b - a +0 leather armour
 c - a +0 helmet (worn)
 k - a +0 chain mail (worn)
 u - a +0 chain mail
Scrolls
 e - 2 scrolls of teleportation {unknown}
 h - 9 scrolls of identify {unknown}
 l - 2 scrolls of remove curse {unknown}
 m - 2 scrolls of fear {unknown}
 n - 3 scrolls of noise {unknown}
 r - a scroll of fog {unknown}
 s - a scroll of magic mapping {unknown}
Potions
 i - a potion of ambrosia {unknown}
 j - 2 potions of haste
 o - 3 potions of heal wounds {unknown}
 q - a potion of cancellation {unknown}
Comestibles
 f - 5 rations


   Skills:
 + Level 4.6 Fighting
 * Level 9.0 Polearms
 - Level 2.0 Throwing
 + Level 6.3 Dodging


You had 6 spell levels left.
You didn't know any spells.
Your spell library was empty.

Dungeon Overview and Level Annotations

Branches:
Dungeon (4/15)
 Temple: D:4-7

Altars:
Hepliaklqana
Zin

Annotations:
D:4 1 runed translucent door, Crazy Yiuf


Message History

HP restored.
There is a stone staircase leading down, spattered with blood here.
You start waiting.
You are feeling hungry.
Branko is recalled.
You climb downwards.
Level annotation: 1 runed translucent door, Crazy Yiuf The ogre hits you with a +0 giant spiked club!
There is a stone staircase leading up, spattered with blood here.
Things that are here:
a +0 robe; a +0 dagger of speed You hit the ogre.
The ogre is lightly wounded.
The ogre hits you with a +0 giant spiked club.
You barely miss the ogre.
The ogre is lightly wounded.
The ogre hits you with a +0 giant spiked club!!
* * * LOW HITPOINT WARNING * * *
The ogre hits you with a +0 giant spiked club!
You die...

#######.#.#
..........#
..#####.###
.......O..# ###
........#.###.####
..##...##...#.†..###
.....##.....O.##...#
.....####...#.##[#.#
#....# ###.#.##@#.#
#....# ##.....O.#.#
#....## #....#####.#
......# ##..## ##.#
......# ♣....♣ #..#
......# ♣...♣♣ ####
......# ♣♣.♣♣
......# ♣.♣♣ ......#
♣♣R♣


You could see an ogre.

Vanquished Creatures
  Sigmund (D:3)
  2 scorpions (D:4)
  A centaur skeleton (D:2)
  2 hounds
  2 orc wizards (D:4)
  A worker ant (D:3)
  2 adders (D:2)
  4 oozes
  2 worms (D:2)
  A dart slug (D:1)
  A leopard gecko (D:1)
  2 orcs (D:3)
  A ball python (D:1)
  11 bats
  5 giant cockroaches
  2 goblins
  4 hobgoblins
  A jackal (D:3)
  2 quokkas (D:2)
  5 frilled lizards
  8 kobolds
  7 rats
67 creatures vanquished.

Vanquished Creatures (collateral kills)
  An orc wizard (D:3)
  A worm (D:3)
  An orc (D:3)
  A giant cockroach (D:3)
  2 hobgoblins (D:3)
  A jackal (D:3)
  A kobold (D:3)
  A quokka (D:2)
  A frilled lizard (D:4)
  3 rats
13 creatures vanquished.

Vanquished Creatures (others)
  3 ancestors
3 creatures vanquished.

Grand Total: 83 creatures vanquished

Notes
Turn   | Place    | Note
-------+----------+-------------------------------------------
     0 | D:1      | Mrkan the Merfolk Gladiator began the quest for the Orb.
     0 | D:1      | Reached XP level 1. HP: 16/16 MP: 1/1
    77 | D:1      | Reached XP level 2. HP: 15/23 MP: 2/2
   258 | D:1      | Reached skill level 5 in Polearms
   608 | D:1      | Reached XP level 3. HP: 28/28 MP: 3/3
  1058 | D:2      | Reached XP level 4. HP: 34/35 MP: 4/4
  1172 | D:2      | Found a faded altar of an unknown god.
  1232 | D:2      | Found a hazy altar of Hepliaklqana.
  1250 | D:2      | Reached skill level 6 in Polearms
  1260 | D:2      | Became a worshipper of Hepliaklqana the Forgotten
  1534 | D:2      | Reached skill level 5 in Dodging
  1557 | D:2      | Reached XP level 5. HP: 36/36 MP: 5/5
  1790 | D:2      | Found a glowing silver altar of Zin.
  2231 | D:3      | Reached * piety under Hepliaklqana
  2388 | D:3      | Reached skill level 7 in Polearms
  2729 | D:4      | Found a runed translucent door.
  2730 | D:4      | Noticed Crazy Yiuf
  2750 | D:4      | Noticed Sigmund
  2980 | D:3      | Killed Sigmund
  2980 | D:3      | Reached skill level 8 in Polearms
  2980 | D:3      | Reached XP level 6. HP: 30/43 MP: 6/6
  3270 | D:4      | Reached XP level 7. HP: 38/49 MP: 7/7
  3492 | D:3      | HP: 1/49 [worker ant (3)]
  3494 | D:3      | Reached skill level 9 in Polearms
  3864 | D:4      | Slain by an ogre

Levels and vault maps discovered:
D:1:      scummos_arrival_star, layout_basic
D:2:      layout_loops_ring, lemuel_coloured_pillars_altar, lemuel_round_altar,
          chequers_ecumenical_altar_island, first_ration, minmay_pentomino_u2
D:3:      layout_loops_cross
D:4:      layout_basic, kennysheep_small_spiral, uniq_sigmund,
          uniq_crazy_yiuf_cottage

Skill      XL: |  1  2  3  4  5  6  7 |
---------------+----------------------+-----
Polearms       | 5 6 8 9 |  9.0
Fighting       | 3 4 |  4.6
Dodging        | 5 6 |  6.3
Throwing       | |  2.0

Action                   |  1- 3 |  4- 6 |  7- 9 || total
-------------------------+-------+-------+-------++-------
Melee: Trident           |    88 |    56 |       ||   144
       Glaive            |       |    80 |    21 ||   101
Invok: Ancestor Identity |       |     1 |       ||     1
       Recall Ancestor   |       |       |     1 ||     1
  Use: Potion            |       |       |     3 ||     3
 Stab: Sleeping          |     2 |       |       ||     2
  Eat: Chunk             |       |     8 |     1 ||     9
Armor: Leather armour    |    23 |       |       ||    23
       Chain mail        |       |    82 |     6 ||    88
Dodge: Dodged            |    76 |    62 |     8 ||   146
